 Dungeon Crawl Stone Soup version 0.28.0-43-g3370ac3207 (webtiles) character file.

Game seed: 5240119103711052051

210 Kraken2834 the Digger (level 5, -1/28 HPs)
             Began as a Gargoyle Earth Elementalist on Mar 12, 2022.
             Slain by an ogre
             ... wielding a +0 giant spiked club
              (20 damage)
             ... on level 3 of the Dungeon.
             The game lasted 00:07:03 (2669 turns).

Kraken2834 the Digger (Gargoyle Earth Elementalist) Turns: 2669, Time: 00:07:04

Health: -1/28      AC:  6    Str: 16    XL:     5   Next: 88%
Magic:  11/11      EV: 11    Int: 17    God:
Gold:   46         SH:  0    Dex: 10    Spells: 11/12 levels left

rFire   . . .      SeeInvis .   h - +6 trident of Valour {venom, Str+4}
rCold   . . .      Faith    .   (no shield)
rNeg    + . .      Spirit   .   b - +0 robe
rPois   ∞          Reflect  .   (no helmet)
rElec   +          Harm     .   (no cloak)
rCorr   .          Rampage  .   (no gloves)
Will    .....                   (no boots)
Stlth   ++........              f - amulet of regeneration
HPRegen 0.89/turn               (no ring)
MPRegen 0.12/turn               (no ring)

@: no status effects
A: sickness immunity, AC +4, negative energy resistance 1, electricity
resistance, torment resistance 1, petrification resistance
a: no special abilities


You were on level 3 of the Dungeon.
You visited 1 branch of the dungeon, and saw 3 of its levels.

You collected 46 gold pieces.

Inventory:

Hand Weapons
 d - a +0 club
 h - the +6 trident of Valour (weapon) {venom, Str+4}
   (You found it on level 2 of the Dungeon)

   It poisons the flesh of those it strikes.
   Str:       It affects your strength (+4).
 i - a +0 flail
Missiles
 c - 67 stones
Armour
 b - a +0 robe (worn)
Jewellery
 f - an amulet of regeneration (around neck)
Wands
 j - a wand of digging (2)
Scrolls
 a - 2 scrolls of immolation {unknown}
 e - a scroll of vulnerability {unknown}
 g - a scroll of enchant armour {unknown}


   Skills:
 - Level 1.5 Dodging
 - Level 2.1 Stealth
 + Level 4.1 Spellcasting
 - Level 0.7 Transmutations
 + Level 5.9 Earth Magic


You had 11 spell levels left.
You knew the following spells:

 Your Spells              Type           Power      Damage    Failure   Level
a - Sandblast             Erth           46%        2d11      1%          1

Your spell library contained the following spells:

 Spells                   Type           Power      Damage    Failure   Level
 Passwall                 Tmut/Erth      11%        N/A       6%          2
 Stone Arrow              Conj/Erth      26%        3d8       14%         3
 Petrify                  Tmut/Erth      14%        N/A       36%         4


Dungeon Overview and Level Annotations

Branches:
Dungeon (3/15)

Altars:
Sif Muna


Innate Abilities, Weirdness & Mutations

You are immune to sickness and miasma.
Your stone body is resilient. (AC +4)
You are immune to poison.
You resist negative energy. (rN+)
You are resistant to electric shocks. (rElec)
You are resistant to unholy torment.
You are immune to petrification.


Message History

Reach: h) +6 trident of Valour {venom, Str+4}
Press: ? - help, Dir - move target, f - goblin
Aim: a goblin, wielding a +0 club, wearing a +0 chain mail and quivering stones (about 38% to evade the +6 trident of Valour)
You reach to attack!
You barely miss the goblin.
The goblin throws a stone.
The stone barely misses you.
Reach: h) +6 trident of Valour {venom, Str+4}
Press: ? - help, Dir - move target, f/p - goblin
Aim: a goblin, wielding a +0 club, wearing a +0 chain mail and quivering stones (about 38% to evade the +6 trident of Valour)
You reach to attack!
You barely miss the goblin.
The goblin throws a stone.
The stone barely misses you. The quokka misses you. The quokka bites you.
The quokka barely misses you.
The ogre hits you with a +0 giant spiked club.
The quokka closely misses you. The quokka barely misses you.
You puncture the quokka!
You kill the quokka!
You aren't carrying any potions.
Okay, then.
The goblin throws a stone.
The stone completely misses you.
The goblin throws a stone.
The stone hits you but does no damage.
The goblin throws a stone.
The stone hits you.
You hit the ogre.
The ogre is poisoned.
The ogre is lightly wounded.
The ogre closely misses you.
You completely miss the ogre.
The ogre is lightly wounded.
The ogre hits you with a +0 giant spiked club!
You barely miss the ogre.
The ogre is heavily wounded.
The ogre hits you with a +0 giant spiked club.
You barely miss the ogre.
The ogre is heavily wounded.
The ogre hits you with a +0 giant spiked club.
The goblin hits you with a +0 club.
You puncture the ogre!
The ogre looks as sick as possible!
The ogre is severely wounded.
The goblin hits you but does no damage.
The ogre hits you with a +0 giant spiked club!!
Ouch! That really hurt!
You die...

.....# .....###########
...............#
#..............#
#...#....†.....###########
#........................#
#...#.......##^.######..##
#...#######....g######.##
....# ####.O@......######
....# #########.#..........#
....# #.....###............#
#...## #..[..##.....#.....>.#
#....# #............#.......#
#..#.###.....#####..#.......#
#..#..#......# ##.#....#####
#............# ##(...####
#.#...##.....# #...###


You could see an ogre (extremely poisoned) and a goblin.

Vanquished Creatures
  3 jellies (D:2)
  4 adders
  3 worms (D:2)
  A dart slug (D:2)
  3 orcs (D:3)
  2 ball pythons
  2 bats
  11 endoplasms
  3 giant cockroaches
  6 goblins
  7 hobgoblins
  11 kobolds
  3 quokkas
  2 frilled lizards
  3 rats
64 creatures vanquished.

Vanquished Creatures (others)
  9 fungi (D:2)
  7 toadstools (D:2)
16 creatures vanquished.

Grand Total: 80 creatures vanquished

Notes
Turn   | Place    | Note
-------+----------+-------------------------------------------
     0 | D:1      | Kraken2834 the Gargoyle Earth Elementalist began the quest
                  | for the Orb.
     0 | D:1      | Reached XP level 1. HP: 10/10 MP: 3/3
   371 | D:1      | You fall into a shaft and drop 1 floor!
   373 | D:2      | Reached XP level 2. HP: 15/15 MP: 3/5
   382 | D:2      | Reached skill level 4 in Earth Magic
  1081 | D:2      | Reached XP level 3. HP: 19/19 MP: 6/6
  1473 | D:2      | Reached XP level 4. HP: 19/24 MP: 8/8
  1635 | D:2      | Found a shimmering blue altar of Sif Muna.
  2051 | D:2      | Reached skill level 5 in Earth Magic
  2053 | D:2      | Reached XP level 5. HP: 22/28 MP: 4/10
  2152 | D:2      | Identified the +6 trident of Valour {venom, Str+4}
  2414 | D:3      | Found a faded altar of an unknown god.
  2627 | D:3      | Noticed an ogre
  2669 | D:3      | Slain by an ogre

Illustrated notes

Levels and vault maps discovered:
D:1:      dpeg_arrival_ternary, layout_basic
D:2:      cheibrodos_fertilizer, layout_basic, basic_altar
D:3:      kennysheep_six_static_rooms, layout_rooms,
          dreamdust_ecumenical_altar_statues

Skill      XL: |  1  2  3  4  5 |
---------------+----------------+-----
Earth Magic    | 4 5 |  5.9
Spellcasting   | 3 4 |  4.1
Dodging        | |  1.5
Stealth        | |  2.1
Transmutations | |  0.7

Action                   |  1- 3 |  4- 6 || total
-------------------------+-------+-------++-------
Melee: Unarmed           |    17 |       ||    17
       Club              |    79 |    58 ||   137
       Trident           |       |    41 ||    41
       Punch             |       |     1 ||     1
 Cast: Sandblast         |    19 |    12 ||    31
 Stab: Sleeping          |     2 |     1 ||     3
Armor: Robe              |    43 |    32 ||    75
Dodge: Dodged            |    85 |    37 ||   122
